 Dungeon Crawl Stone Soup version 0.21.1-1-g345015f (webtiles) character file.

48 shakethe the Shield-Bearer (level 4, -6/35 HPs)
             Began as a Formicid Fighter on Feb 7, 2018.
             Mangled by a gnoll
             ... wielding a +0 spear
              (7 damage)
             ... on level 1 of the Dungeon.
             The game lasted 00:02:03 (1047 turns).

shakethe the Shield-Bearer (Formicid Fighter)       Turns: 1047, Time: 00:02:04

Health: -6/35      AC:  9    Str: 20    XL:     4   Next: 0%
Magic:  4/4        EV:  6    Int:  8    God:
Gold:   67         SH:  9    Dex: 11    Spells: 3/3 levels left

rFire    . . .     SeeInvis +   a - +0 war axe
rCold    . . .     Gourm    .   c - +0 shield
rNeg     . . .     Faith    .   k - +0 chain mail
rPois    .         Spirit   .   (helmet unavailable)
rElec    .         Reflect  .   (no cloak)
rCorr    .         Harm     .   (no gloves)
MR       .....                  (no boots)
Stlth    ..........             (no amulet)
HPRegen  0.11/turn              (no ring)
MPRegen  0.09/turn              (no ring)

@: no status effects
A: permanent stasis, dig shafts and tunnels, four strong arms, antennae 3
a: Dig, Shaft Self


You were on level 1 of the Dungeon.
You were hungry.

You visited 1 branch of the dungeon, and saw 2 of its levels.

You collected 67 gold pieces.

Inventory:

Hand Weapons
 a - a +0 war axe (weapon)
Armour
 b - a +0 scale mail
 c - a +0 shield (worn)
 k - a +0 chain mail (worn)
Jewellery
 j - an uncursed amulet of the gourmand {unknown}
Scrolls
 e - a scroll of enchant armour {unknown}
 g - 2 scrolls of fog {unknown}
 h - 5 scrolls of identify {unknown}
 m - a scroll of teleportation {unknown}
Potions
 d - a potion of might
 i - a potion of lignification {unknown}
 l - a potion of brilliance {unknown}
Comestibles
 f - 2 rations


   Skills:
 - Level 3.2 Fighting
 * Level 3.4 Axes
 - Level 3.2 Armour
 + Level 4.3 Shields


You had 3 spell levels left.
You didn't know any spells.

Dungeon Overview and Level Annotations

Branches:
Dungeon (2/15)

Altars:
Wu Jian


Innate Abilities, Weirdness & Mutations

You cannot be hasted, slowed, berserked, paralysed or teleported.
You can dig through walls and to a lower floor.
Your four strong arms can wield two-handed weapons with a shield.
You have a pair of large antennae on your head. (SInv)


Message History

You barely miss the gnoll.
The gnoll is heavily wounded.
The gnoll barely misses you.
You hit the gnoll but do no damage.
The gnoll is heavily wounded.
The gnoll hits you but does no damage.
You closely miss the gnoll.
The gnoll is heavily wounded.
The gnoll hits you but does no damage. The gnoll hits you with a spear.
* * * LOW HITPOINT WARNING * * *
You closely miss the gnoll.
The gnoll is heavily wounded.
The gnoll barely misses you.
You closely miss the gnoll.
The gnoll is heavily wounded.
The gnoll hits you but does no damage. The gnoll closely misses you.
You hit the gnoll.
The gnoll is heavily wounded.
The gnoll hits you with a spear!
You die...

##.# #.# #.# ##.#.###..###.##
...# #.# #.# #.###.....# #.#
#### #.# #.# ##.#.##.#.# #.#
#.###.######.###.#.###.#
#......................###
#...........#.##.#.##..#..
#.###.#####.#.##....#...##
#####.###..####.#.#.........#
#
#...........g@†.............##
#
#.###.####.####.#.#........#..
####.# #.# #.#
##.#.##.......... .....#
#.####.###.............#.#
######
#...........#.........##.# #
######.....#####.........# #
####### ###########


You could see a gnoll.

Vanquished Creatures
  A gnoll (D:1)
  2 dart slugs (D:1)
  A giant cockroach (D:1)
  6 goblins
  5 hobgoblins
  3 jackals (D:2)
  3 kobolds (D:1)
  A quokka (D:2)
  A ball python (D:1)
  2 bats (D:2)
  2 frilled lizards (D:2)
  4 rats
31 creatures vanquished.

Notes
Turn   | Place    | Note
-------+----------+-------------------------------------------
     0 | D:1      | shakethe the Formicid Fighter began the quest for the Orb.
     0 | D:1      | Reached XP level 1. HP: 18/18 MP: 1/1
    52 | D:1      | Reached XP level 2. HP: 22/24 MP: 2/2
   361 | D:1      | Reached skill level 4 in Shields
   487 | D:1      | Reached XP level 3. HP: 28/29 MP: 3/3
   892 | D:2      | Found an ornate altar of the Wu Jian Council.
  1041 | D:1      | Reached XP level 4. HP: 10/35 MP: 4/4
  1044 | D:1      | HP: 1/35 [gnoll/spear (2)]
  1047 | D:1      | Mangled by a gnoll

Skill      XL: |  1  2  3 |
---------------+----------+-----
Shields        | 4 |  4.3
Axes           | 3 |  3.4
Fighting       | |  3.2
Armour         | |  3.2

Action                   |  1- 3 |  4- 6 || total
-------------------------+-------+-------++-------
Melee: War axe           |    73 |     6 ||    79
Armor: Scale mail        |     9 |       ||     9
       Chain mail        |    34 |     1 ||    35
Dodge: Dodged            |    28 |     3 ||    31
Block: Shield            |    54 |       ||    54
